 Dungeon Crawl Stone Soup version 0.17-a0-1195-g0639cb0 (webtiles) character file.

65 Chiseanne the Skirmisher (level 4, -5/28 HPs)
             Began as a Kobold Fighter on June 2, 2015.
             Slain by Crazy Yiuf
             ... wielding a +3 quarterstaff of chaos
              (14 damage)
             ... on level 2 of the Dungeon.
             The game lasted 00:03:47 (1513 turns).

Chiseanne the Skirmisher (Kobold Fighter)           Turns: 1513, Time: 00:03:47

Health: -5/28      AC:  6    Str: 14    XL:     4   Next: 35%
Magic:  4/4        EV:  9    Int: 11    God:
Gold:   27         SH: 10    Dex: 16    Spells: 0 memorised, 3 levels left

rFire  + . .     SeeInvis .     s - +2 short sword (freeze)
rCold  + . .     Clarity  .     b - +0 scale mail
rNeg   . . .     SustAt   .     c - +1 shield
rPois  +         Gourm    .     (no helmet)
rElec  +         Spirit   .     (no cloak)
rCorr  +         Warding  .     (no gloves)
rMut   .         Stasis   .     (no boots)
MR     +....                    (no amulet)
Stlth  ..........               (no ring)
                                g - ring of protection from magic

@: brilliant, resistant, slowed, very slow, somewhat resistant to hostile
enchantments, extremely unstealthy
A: carnivore 3
a: no special abilities


You were on level 2 of the Dungeon.
You were completely stuffed.

You visited 1 branch of the dungeon, and saw 2 of its levels.

You collected 27 gold pieces.

Inventory:

Hand weapons
 o - a +3 hand axe
 s - a +2 short sword of freezing (weapon)
Missiles
 a - 7 bolts of flame
 d - 26 poisoned needles
 f - 9 sling bullets
Armour
 b - a +0 scale mail (worn)
 c - a +1 shield (worn)
Jewellery
 g - a ring of protection from magic (left hand)
Scrolls
 j - 2 scrolls of remove curse
Comestibles
 e - a meat ration
 l - a beef jerky


   Skills:
 * Level 3.5 Fighting
 - Level 2.6 Short Blades
 * Level 1.8 Throwing
 * Level 2.7 Armour
 * Level 1.3 Dodging
 * Level 3.1 Shields


You had 3 spell levels left.
You didn't know any spells.

Dungeon Overview and Level Annotations

Branches:
Dungeon (2/15)

Altars:
Xom
Zin

Annotations:
D:2 1 exclusion, Crazy Yiuf


Innate Abilities, Weirdness & Mutations

You are small and have problems with some larger weapons.
You are carnivorous and can eat meat at any time.


Message History

Crazy Yiuf hits you with a quarterstaff of chaos!
You feel yourself slow down.
Crazy Yiuf says, "Leather King agre!"
Crazy Yiuf hits you with a quarterstaff of chaos!
You feel your power leaking away.
Crazy Yiuf hits you with a quarterstaff of chaos.
You feel less invigorated.
You feel less confused.
Your butterfly disappears in a puff of smoke!
Crazy Yiuf hits you with a quarterstaff of chaos.
Crazy Yiuf freezes you.
You closely miss Crazy Yiuf. You block Crazy Yiuf's attack.
Your shield and scale mail prevent you from hitting Crazy Yiuf.
Crazy Yiuf hits you with a quarterstaff of chaos.
Crazy Yiuf burns you. You block Crazy Yiuf's attack.
You hit Crazy Yiuf but do no damage.
Crazy Yiuf says, "Cake Xom bag!"
Crazy Yiuf hits you with a quarterstaff of chaos!
Ouch! That really hurt!
You die...

#########
#@..#...#####
+.g..........
##...#...######
................#
#>...##......###.#
#................###
############.##....###
#...b......
#.......###


You could see Crazy Yiuf.

Vanquished Creatures
  3 adders (D:2)
  2 worms (D:2)
  3 giant cockroaches
  3 hobgoblins
  4 kobolds
  A ball python (D:1)
  3 bats (D:1)
  2 giant newts
  5 goblins
  7 rats
33 creatures vanquished.

Vanquished Creatures (others)
  2 butterflies (D:2)
2 creatures vanquished.

Grand Total: 35 creatures vanquished

Notes
Turn   | Place    | Note
--------------------------------------------------------------
     0 | D:1      | Chiseanne the Kobold Fighter began the quest for the Orb.
     0 | D:1      | Reached XP level 1. HP: 14/14 MP: 1/1
    80 | D:1      | Reached XP level 2. HP: 5/19 MP: 2/2
   580 | D:1      | Reached skill level 1 in Throwing
   868 | D:1      | Reached XP level 3. HP: 23/23 MP: 3/3
  1166 | D:2      | Found a glowing silver altar of Zin.
  1166 | D:2      | Found a shimmering altar of Xom.
  1167 | D:2      | Noticed an angel
  1371 | D:2      | Reached skill level 1 in Dodging
  1371 | D:2      | Reached XP level 4. HP: 26/28 MP: 4/4
  1478 | D:2      | Noticed Crazy Yiuf
  1513 | D:2      | Slain by Crazy Yiuf

Vault maps used:
D:1:      evilmike_arrival_crescent, serial_glass, glass_columns_a,
          glass_columns_a, glass_columns_a, glass_columns_b
D:2:      grunt_temple_overflow_order_and_chaos_1, uniq_crazy_yiuf_cottage

Action                   |  1- 3 |  4- 6 || total
-------------------------+-------+-------++-------
Melee: Rapier            |    59 |       ||    59
       Hand axe          |     9 |       ||     9
       Short sword       |    45 |     8 ||    53
  Use: Potion            |     1 |     5 ||     6
       Scroll            |     3 |     2 ||     5
  Eat: Chunk             |     9 |     1 ||    10
